 Dungeon Crawl Stone Soup version 0.30-a0-782-ge64f9170bb (webtiles) character file.

Game seed: 4170731493777319817

23 oldriver the Poker (level 3, -8/30 HPs)
             Began as a Meteoran Reaver on Feb 19, 2023.
             Killed from afar by Natasha (11 damage)
             ... with a puff of flame
             ... on level 2 of the Dungeon.
             The game lasted 00:03:06 (699 turns).

oldriver the Poker (Meteoran Reaver)                 Turns: 699, Time: 00:03:07

Health: -8/30      AC:  3    Str: 16    XL:     3   Next: 26%
Magic:  8/8        EV: 12    Int: 14    God:
Gold:   55         SH:  0    Dex: 12    Spells: 6/7 levels left

rFire   . . .      SeeInvis .    a - +0 spear
rCold   . . .      Faith    .    (no shield)
rNeg    . . .      Spirit   .    b - +0 leather armour
rPois   .          Reflect  .    (no helmet)
rElec   .          Harm     .    (no cloak)
rCorr   .          Rampage  .    (no gloves)
Will    .....                    (no boots)
Stlth   +                        (no amulet)
HPRegen 0.25/turn                (no ring)
MPRegen 0.11/turn                (no ring)

@: slowed, glowing, very slow
A: sense surroundings 1, otherworldly, glowing, explore regen
a: no special abilities


You were on level 2 of the Dungeon.
You visited 1 branch of the dungeon, and saw 2 of its levels.

You collected 55 gold pieces.

Inventory:

Hand Weapons
 a - a +0 spear (weapon)
Armour
 b - a +0 leather armour (worn)
Jewellery
 d - a ring of fire
Scrolls
 e - a scroll of identify {unknown}
 f - a scroll of vulnerability {unknown}
 i - a scroll of magic mapping {unknown}
 k - a scroll of amnesia {unknown}
 l - a scroll of immolation {unknown}
 n - a scroll of summoning {unknown}
Potions
 c - a potion of haste {unknown}
 g - 2 potions of curing {unknown}
 h - a potion of attraction {unknown}
 j - a potion of heal wounds {unknown}
 m - a potion of cancellation {unknown}


   Skills:
 + Level 2.7 Fighting
 * Level 4.5 Polearms
 - Level 2.4 Dodging
 - Level 2.6 Spellcasting
 - Level 3.6 Conjurations


You had 6 spell levels left.
You knew the following spells:

 Your Spells              Type           Power      Damage    Failure   Level
a - Kiss of Death         Conj/Necr      24%        2d7       13%         1

Your spell library contained the following spells:

 Spells                   Type           Power      Damage    Failure   Level
 Momentum Strike          Conj/Tloc      12%        3d8       21%         2
 Hailstorm                Conj/Ice       6%         3d4       36%         3


Dungeon Overview and Level Annotations

Branches:
Dungeon (2/15) Zot: 504

Altars:

Annotations:
D:2 Natasha


Innate Abilities, Weirdness & Mutations

You passively map a small area around you.
You are easily found by Zot.
You glow in the dark.
You regain HP and MP as you explore.


Message History

A goblin comes into view. It is wielding a +0 sling.
Natasha, Servant of Life and Death comes into view.
She is carrying a wand of flame (18).
Natasha hisses angrily.
The goblin shouts!
Natasha casts a spell at you.
You feel yourself slow down.
The goblin shoots a sling bullet.
The sling bullet closely misses you.
You aren't carrying any items that you can evoke.
Natasha mumbles some strange words.
Natasha shimmers violently.
The goblin shoots a sling bullet.
The sling bullet hits you.
Natasha mewls in sadness.
Reach: a) +0 spear
Press: ? - help, Dir - move target, f - Natasha
Aim: Natasha, carrying a wand of flame (18) (about 44% to evade your +0 spear)
You reach to attack!
You hit Natasha.
Natasha is lightly wounded.
Natasha completely misses you.
Reach: a) +0 spear
Press: ? - help, Dir - move target, f/p - Natasha
Aim: Natasha, carrying a wand of flame (18) (lightly wounded, about 44% to evade your +0 spear)
You hit Natasha.
Natasha is moderately wounded.
Natasha zaps a wand.
The puff of flame hits you!
Reach: a) +0 spear
Press: ? - help, Dir - move target, f/p - Natasha
Aim: Natasha, carrying a wand of flame (17) (moderately wounded, about 44% to evade your +0 spear)
You barely miss Natasha.
Natasha is moderately wounded.
Natasha barely misses you.
You barely miss Natasha.
Natasha is moderately wounded.
Natasha claws you.
The goblin unwields a +0 sling.
The goblin wields a +0 club.
The goblin hits you but does no damage.
You hit Natasha.
Natasha is severely wounded.
Natasha zaps a wand.
The puff of flame hits you!
* * * LOW HITPOINT WARNING * * *
The goblin hits you but does no damage.
Natasha zaps a wand.
The puff of flame hits you!
You die...

* ### #.# #.### ###.#
#.... #,.... * #.###
#.#..# #.... #.#..## *
##### #.....
*######g.################
......h@................
*
.......#################
* .......',, ,,
.......*** * * ....... ,
....... * * * ....... , *
....... * * * * , ,,


You could see Natasha and a goblin.

Vanquished Creatures
  A ball python (D:1)
  4 endoplasms
  A giant cockroach (D:1)
  3 hobgoblins
  4 quokkas (D:1)
  A bat (D:1)
  A frilled lizard (D:1)
  2 kobolds (D:1)
  3 rats
20 creatures vanquished.

Vanquished Creatures (others)
  A plant (D:1)
1 creature vanquished.

Grand Total: 21 creatures vanquished

Notes
Turn   | Place    | Note
-------+----------+-------------------------------------------
     0 | D:1      | oldriver the Meteoran Reaver began the quest for the Orb.
     0 | D:1      | Reached XP level 1. HP: 17/17 MP: 5/5
    61 | D:1      | Reached XP level 2. HP: 21/25 MP: 6/6
    66 | D:1      | Reached skill level 4 in Polearms
   352 | D:1      | Reached XP level 3. HP: 30/30 MP: 8/8
   693 | D:2      | Noticed Natasha
   699 | D:2      | Killed from afar by Natasha

Illustrated notes

Levels and vault maps discovered:
D:1:      minmay_arrival_arboretum_small, layout_basic,
          ebering_dispersal_statue_hall, serial_bayou_pond_b
D:2:      layout_basic, dk_noncrumbling_4, uniq_natasha

Skill      XL: |  1  2 |
---------------+-------+-----
Polearms       | 4 |  4.5
Fighting       | |  2.7
Dodging        | |  2.4
Spellcasting   | |  2.6
Conjurations   | |  3.6

Action                     || total
---------------------------++-------
  Melee: Spear             ||    77
 Armour: Leather armour    ||    14
  Dodge: Dodged            ||    27

Table legend: (Time is in decaauts)
 A = Elapsed time spent in this place.
 B = Non-inter-level travel time spent in this place.
 C = Inter-level travel time spent in this place.
 D = Time resting spent in this place.
 E = Time spent auto-exploring this place.
 F = Levels seen in this place.
 G = Mean time per level.
                   A        B        C        D        E       F      G
               +--------+--------+--------+--------+--------+-----+--------+
         Total |    693 |    672 |     21 |      0 |      0 |   2 |  346.5 |
       Dungeon |    693 |    672 |     21 |      0 |      0 |   2 |  346.5 |
               +--------+--------+--------+--------+--------+-----+--------+

Top non-repeatable levels by time:
     D:1: 470 daAuts
     D:2: 223 daAuts
